 Dungeon Crawl Stone Soup version 0.28.0 (webtiles) character file.

Game seed: 16063961001223653878

54 cayde69 the Skirmisher (level 3, 0/34 HPs)
             Began as a Hill Orc Fighter on Feb 7, 2022.
             Was a Follower of Makhleb.
             Slain by Sigmund (5 damage)
             ... on level 2 of the Dungeon.
             The game lasted 00:03:58 (1275 turns).

cayde69 the Skirmisher (Hill Orc Fighter)           Turns: 1275, Time: 00:03:59

Health: 0/34       AC:  8    Str: 20    XL:     3   Next: 91%
Magic:  12/12      EV:  9    Int:  8    God:    Makhleb [*.....]
Gold:   10         SH:  0    Dex: 10    Spells: 2/2 levels left

rFire   . . .      SeeInvis .   a - +0 war axe
rCold   . . .      Faith    .   c - +0 buckler
rNeg    . . .      Spirit   .   b - +0 scale mail
rPois   .          Reflect  .   (no helmet)
rElec   .          Harm     .   (no cloak)
rCorr   .          Rampage  .   (no gloves)
Will    .....                   l - +0 pair of boots
Stlth   ..........              (no amulet)
HPRegen 0.11/turn               j - ring of magical power
MPRegen 0.13/turn               (no ring)

@: confused, mighty
A: no striking features
a: Renounce Religion


You were on level 2 of the Dungeon.
You worshipped Makhleb.
Makhleb was aware of your devotion.
You visited 1 branch of the dungeon, and saw 2 of its levels.

You collected 10 gold pieces.

Inventory:

Hand Weapons
 a - a +0 war axe (weapon)
Missiles
 g - 74 stones (quivered)
 k - 19 sling bullets
Armour
 b - a +0 scale mail (worn)
 c - a +0 buckler (worn)
 l - a +0 pair of boots (worn)
Jewellery
 j - a ring of magical power (left hand)
 m - a ring of protection from fire
Wands
 n - a wand of acid (11)
Potions
 e - a potion of berserk rage {unknown}
 f - a potion of heal wounds {unknown}
 h - a potion of degeneration {unknown}
 i - a potion of attraction {unknown}
 o - a potion of curing {unknown}


   Skills:
 * Level 4.4 Fighting
 - Level 3.8 Axes
 - Level 3.8 Armour
 - Level 3.3 Shields
 * Level 0.7 Invocations


You had 2 spell levels left.
You didn't know any spells.
Your spell library was empty.

Dungeon Overview and Level Annotations

Branches:
Dungeon (2/15)

Altars:
Makhleb

Annotations:
D:2 Sigmund


Message History

You see here a +0 dagger.
Things that are here:
a +0 dagger; a goblin skeleton No target in view!
Found a stone staircase leading down.
No target in view!
You now have 10 gold pieces (gained 6).
Sigmund the Dreaded comes into view.
He is wielding a +0 vorpal scythe.
Sigmund is nearby!
Sigmund hits you but does no damage.
Sigmund is nearby!
You barely miss Sigmund.
Sigmund hits you with a +0 vorpal scythe.
Sigmund is nearby!
You barely miss Sigmund. Sigmund casts a spell at you.
You resist with significant effort.
Sigmund is nearby!
You barely miss Sigmund.
Sigmund hits you with a +0 vorpal scythe!
You feel very mighty all of a sudden.
Sigmund hits you with a +0 vorpal scythe.
You barely miss Sigmund. Sigmund barely misses you.
You slash Sigmund!
Sigmund is heavily wounded.
You barely miss Sigmund.
Sigmund is heavily wounded.
Sigmund closely misses you.
You barely miss Sigmund.
Sigmund is heavily wounded.
Sigmund gestures at you while chanting.
You are confused.
Sigmund hits you with a +0 vorpal scythe.
* * * LOW HITPOINT WARNING * * *
You bump into the rock wall.
You bump into the rock wall.
Sigmund hits you with a +0 vorpal scythe.
* * * LOW HITPOINT WARNING * * *
x2 Sigmund hits you from afar with a +0 vorpal scythe.
You die...

### ####.# #.##.# ###
###....# #.# #...##.# #
#.### #.#.##.###.#
##..[#####......@.@.#
.#...........##..........
.###.###.##.......###....
.....#.#.##..##...# ..+
.................># P
.#).......##.#.####
..รท....##....#.#
.....### .####.# .##..#
.#


You could see Sigmund.

Vanquished Creatures
  An adder (D:2)
  4 orcs (D:2)
  3 endoplasms
  A giant cockroach (D:1)
  4 goblins
  3 hobgoblins
  2 jackals (D:1)
  3 quokkas (D:1)
  7 ball pythons (D:1)
  2 frilled lizards
  3 kobolds (D:1)
  4 rats
37 creatures vanquished.

Notes
Turn   | Place    | Note
-------+----------+-------------------------------------------
     0 | D:1      | cayde69 the Hill Orc Fighter began the quest for the Orb.
     0 | D:1      | Reached XP level 1. HP: 19/19 MP: 1/1
     0 | D:1      | Noticed an octopode
     1 | D:1      | Noticed a troll
    11 | D:1      | Noticed a formicid
    13 | D:1      | Noticed a demonspawn
    17 | D:1      | Noticed a draconian
    19 | D:1      | Noticed a merfolk zombie
    21 | D:1      | Noticed an octopode
   383 | D:1      | Reached XP level 2. HP: 27/27 MP: 2/2
   608 | D:1      | Reached skill level 4 in Fighting
   663 | D:1      | Reached XP level 3. HP: 31/33 MP: 3/3
   971 | D:2      | Found a faded altar of an unknown god.
  1042 | D:2      | Prayed at the altar of an unknown god.
  1042 | D:2      | Became a worshipper of Makhleb the Destroyer
  1042 | D:2      | Reached * piety under Makhleb
  1262 | D:2      | Noticed Sigmund
  1275 | D:2      | Slain by Sigmund

Illustrated notes

Levels and vault maps discovered:
D:1:      shiori_arrival_whats_in_store_for_you, layout_basic, minmay_distorted
D:2:      layout_basic, ebering_ecumenical_altar_rust, uniq_crazy_yiuf_cottage,
          uniq_sigmund

Skill      XL: |  1  2 |
---------------+-------+-----
Axes           | 3 |  3.8
Fighting       | 4 |  4.4
Armour         | |  3.8
Shields        | |  3.3
Invocations    | |  0.7

Action                   || total
-------------------------++-------
Melee: War axe           ||   106
  Use: Potion            ||     1
Armor: Scale mail        ||    55
Dodge: Dodged            ||    40
Block: Buckler           ||    25
